 Dungeon Crawl Stone Soup version 0.27-a0-1273-gec92ba881d (webtiles) character file.

Game seed: 1193819512374672479

5912 pokeman the Thaumaturge (level 10, 0/56 HPs)
             Began as a Deep Elf Hedge Wizard on June 12, 2021.
             Was a Believer of Vehumet.
             Killed from afar by an acid dragon (9 damage)
             ... with a splash of acid
             ... on level 8 of the Dungeon.
             The game lasted 00:25:39 (11381 turns).

pokeman the Thaumaturge (Deep Elf Hedge Wizard)    Turns: 11381, Time: 00:25:40

Health: 0/56       AC:  1    Str:  7    XL:     10   Next: 53%
Magic:  28/29      EV: 17    Int: 23    God:    Vehumet [**....]
Gold:   407        SH:  0    Dex: 14    Spells: 23/35 levels left

rFire    + . .     SeeInvis .   w - staff of conjuration
rCold    + . .     Faith    .   (no shield)
rNeg     . . .     Spirit   .   O - +0 steam dragon scales
rPois    +         Reflect  +   c - +0 hat
rElec    .         Harm     .   A - +1 cloak "Xizydoh" {rPois rF+ rC+ Stlth-}
rCorr    .         Rampage  .   H - +0 pair of gloves
Will     +....                  (no boots)
Stlth    ..........             C - amulet of reflection
HPRegen  0.18/turn              z - ring of wizardry
MPRegen  0.21/turn              p - +4 ring of evasion

@: confused, ambrosia-drunk, corroded
A: no striking features
a: Renounce Religion


You were on level 8 of the Dungeon.
You worshipped Vehumet.
Vehumet was pleased with you.
You visited 2 branches of the dungeon, and saw 9 of its levels.

You collected 407 gold pieces.

Inventory:

Hand Weapons
 v - a +2 quarterstaff of chaos
 M - a +0 shortbow
Missiles
 g - 155 arrows
 t - 45 bolts
 y - a throwing net
 P - a curare-tipped dart
Armour
 c - a +0 hat (worn)
 A - the +1 cloak "Xizydoh" (worn) {rPois rF+ rC+ Stlth-}
   (You found it on level 4 of the Dungeon)

   It protects you from fire.
   It protects you from cold.
   It protects you from poison.
   It makes you less stealthy.
 H - a +0 pair of gloves (worn)
 O - +0 steam dragon scales (worn)
Magical Staves
 w - a staff of conjuration (weapon)
Jewellery
 e - a ring of flight
 p - a +4 ring of evasion (right hand)
 z - a ring of wizardry (left hand)
 C - an amulet of reflection (around neck)
 E - a +4 ring of evasion
 I - an amulet of the acrobat
Wands
 u - a wand of digging (5)
 B - a wand of charming (9)
 D - a wand of iceblast (11)
 F - a wand of paralysis (7)
 G - a wand of mindburst (9)
Scrolls
 b - 4 scrolls of noise {unknown}
 d - 8 scrolls of identify {unknown}
 k - a scroll of vulnerability {unknown}
 l - a scroll of fog {unknown}
 n - 5 scrolls of teleportation {unknown}
 o - a scroll of enchant weapon {unknown}
 K - 4 scrolls of enchant armour {unknown}
 L - a scroll of summoning {unknown}
 N - a scroll of brand weapon {unknown}
Potions
 f - a potion of mutation {unknown}
 h - 2 potions of brilliance {unknown}
 i - 2 potions of might
 j - a potion of haste {unknown}
 q - a potion of lignification {unknown}
 r - 2 potions of heal wounds {unknown}
 s - 3 potions of flight {unknown}
 x - a potion of attraction {unknown}
 J - 4 potions of curing


   Skills:
 - Level 4.0 Fighting
 + Level 3.7 Armour
 - Level 3.0 Dodging
 - Level 3.0 Stealth
 * Level 13.3 Spellcasting
 + Level 7.8 Conjurations
 - Level 1.1 Summonings
 - Level 1.1 Translocations
 + Level 7.2 Fire Magic
 - Level 1.0 Air Magic
 - Level 1.0 Poison Magic
 - Level 1.0 Evocations


You had 23 spell levels left.
You knew the following spells:

 Your Spells              Type           Power      Damage    Failure   Level
a - Magic Dart            Conj           100%       1d8       1%          1
b - Mephitic Cloud        Conj/Pois/Air  45%        N/A       1%          3
c - Call Imp              Summ           20%        N/A       1%          2
d - Blink                 Tloc           N/A        N/A       1%          2
e - Conjure Flame         Conj/Fire      66%        6-21      1%          3
f - Shock                 Conj/Air       100%       1d9       1%          1

Your spell library contained the following spells:

 Spells                   Type           Power      Damage    Failure   Level
 Ignite Poison            Fire/Tmut/Pois 27%        N/A       1%          3
 Animate Skeleton         Necr           30%        N/A       1%          1
 Corona                   Hex            16%        N/A       1%          1
 Pain                     Necr           60%        1d7       1%          1
 Inner Flame              Hex/Fire       31%        N/A       1%          3
 Slow                     Hex            15%        N/A       2%          2
 Portal Projectile        Hex/Tloc       34%        N/A       4%          3
 Vampiric Draining        Necr           7%         2d7       4%          3
 Animate Dead             Necr           7%         N/A       16%         4
 Cause Fear               Hex            7%         N/A       16%         4
 Leda's Liquefaction      Hex/Erth       7%         N/A       16%         4
 Agony                    Necr           15%        N/A       41%         5


Dungeon Overview and Level Annotations

Branches:
Dungeon (8/15)             Temple (1/1) D:4
   Lair: D:8-11

Altars:
Ashenzari
Cheibriados
Dithmenos
Elyvilon
Fedhas
Gozag
Hepliaklqana
Kikubaaqudgha
Makhleb
Nemelex Xobeh
Okawaru
Qazlal
Ru
Sif Muna
Trog
Uskayaw
Vehumet
Wu Jian
Xom
Yredelemnul
Zin
The Shining One


Message History

You start resting.
Magic restored.
K - 4 scrolls labelled HAGAUTH VEMU (gained 1)
You now have 407 gold pieces (gained 10).
Things that are here:
a +1 long sword of flaming; +0 steam dragon scales; the human corpse of Maggie
Found a stone staircase leading down.
Found a chain mail.
Found 28 sling bullets.
An acid dragon comes into view.
The acid dragon roars!
The acid dragon spits acid at you. The splash of acid hits you!
The acid corrodes you!
You are splashed with acid!
Casting: Magic Dart (safe; 1% risk of failure)
Confirm with . or Enter, or press ? or * to list all spells.
You feel a surge of power!
The fire begins to smoulder!
The fire ignites!
You start resting.
An acid dragon is nearby!
The acid dragon spits acid at you. The splash of acid hits you!
The acid corrodes you!
You are splashed with acid!
* * * LOW HITPOINT WARNING * * *
Casting: Conjure Flame (safe; 1% risk of failure)
Confirm with . or Enter, or press ? or * to list all spells.
You can't see any susceptible monsters within range! (Use Z to cast anyway.) Unknown command.
Casting: Conjure Flame (safe; 1% risk of failure)
Confirm with . or Enter, or press ? or * to list all spells.
Aiming: Mephitic Cloud (safe; 1% risk of failure)
Press: ? - help, Shift-Dir - straight line, f - acid dragon
Aim: an acid dragon (catching its breath, not susceptible)
You feel a surge of power!
The ball explodes into a vile cloud!
The stinking cloud engulfs the acid dragon but does no damage.
Unknown command.
It was a potion of ambrosia.
You are confused.
You feel invigorated. The acid dragon spits acid at you.
The splash of acid hits you!
You die...

#.#
#...##.#######
#.# #...##.#
#.####.(.##.#
#...........#
#####.#..####
#.#..# #.#..#
#
#>#.☼#########
.
#...D§@......#
#...§#######.#
#....# #(...#
. #...D#######
#...........
#...........
##..########
#..


You could see an acid dragon (catching breath).

Vanquished Creatures
  Pikel (D:5)
  An orb spider (shapeshifter) (D:8)
  Maggie (D:8)
  A troll (D:8)
  2 hornets
  4 yaks (D:6)
  2 wyverns (D:8)
  2 steam dragons (D:8)
  A water moccasin (D:8)
  Duvessa (D:5)
  An orc warrior (D:7)
  A sky beast (D:6)
  2 black bears
  3 ogres
  4 centaurs
  3 lemures (D:5)
  2 phantoms
  A kobold brigand (D:8)
  4 bullfrogs
  2 wyvern zombies (D:8)
  3 scorpions
  Dowan (D:5)
  A water moccasin zombie (D:5)
  5 killer bees
  A wight (D:8)
  2 howler monkeys
  3 orc priests
  A hound (D:6)
  Crazy Yiuf (D:3)
  A centaur skeleton (D:7)
  2 iguanas
  6 orc wizards
  2 howler monkey zombies
  10 gnolls
  6 adders
  2 shadow imps
  A white imp (D:6)
  4 worms
  6 dart slugs
  20 orcs
  8 ball pythons
  5 bats
  5 endoplasms
  A giant cockroach (D:1)
  5 goblins
  7 hobgoblins
  3 jackals (D:1)
  12 kobolds
  2 quokkas
  3 frilled lizards
  7 rats
175 creatures vanquished.

Vanquished Creatures (collateral kills)
  A water moccasin (D:5)
  A jelly (D:8)
  A gnoll (D:3)
  A kobold (D:4)
4 creatures vanquished.

Vanquished Creatures (others)
  9 fungi (D:5)
  4 plants (D:5)
13 creatures vanquished.

Grand Total: 192 creatures vanquished

Notes
Turn   | Place    | Note
-------+----------+-------------------------------------------
     0 | D:1      | pokeman the Deep Elf Hedge Wizard began the quest for the
                  | Orb.
     0 | D:1      | Reached XP level 1. HP: 10/10 MP: 7/7
   277 | D:1      | Reached XP level 2. HP: 15/15 MP: 2/9
   582 | D:1      | Found a faded altar of an unknown god.
  1004 | D:1      | Reached skill level 5 in Spellcasting
  1102 | D:2      | Reached XP level 3. HP: 20/20 MP: 6/11
  1106 | D:2      | Learned a level 3 spell: Mephitic Cloud
  1109 | D:2      | Learned a level 2 spell: Call Imp
  1112 | D:2      | Learned a level 2 spell: Blink
  1116 | D:2      | Learned a level 3 spell: Conjure Flame
  1373 | D:2      | Reached skill level 1 in Armour
  1474 | D:2      | Reached skill level 1 in Fighting
  1865 | D:2      | Reached XP level 4. HP: 15/25 MP: 2/13
  2236 | D:2      | Reached skill level 1 in Fire Magic
  2589 | D:3      | Reached skill level 6 in Spellcasting
  2674 | D:3      | Reached XP level 5. HP: 29/29 MP: 9/15
  3637 | D:3      | Found a runed translucent door.
  3638 | D:3      | Noticed Crazy Yiuf
  3648 | D:3      | Killed Crazy Yiuf
  3649 | D:3      | Reached skill level 1 in Air Magic
  4024 | D:4      | Noticed an ogre
  4363 | D:4      | Found a staircase to the Ecumenical Temple.
  4376 | Temple   | Entered the Ecumenical Temple
  4548 | Temple   | Became a worshipper of Vehumet
  4615 | D:4      | Reached XP level 6. HP: 34/34 MP: 14/17
  4759 | D:4      | Found a shimmering altar of Xom.
  4998 | D:4      | Reached skill level 1 in Poison Magic
  4998 | D:4      | Reached skill level 1 in Evocations
  5111 | D:4      | Reached skill level 7 in Spellcasting
  5500 | D:4      | Found a hazy altar of Hepliaklqana.
  5519 | D:4      | Identified the +1 cloak "Xizydoh" {rPois rF+ rC+ Stlth-}
  5684 | D:5      | Entered Level 5 of the Dungeon
  5726 | D:5      | Found a bloodstained altar of Trog.
  5851 | D:5      | Reached * piety under Vehumet
  5851 | D:5      | Offered knowledge of Shock by Vehumet.
  5852 | D:5      | Reached XP level 7. HP: 39/39 MP: 7/20
  5854 | D:5      | Learned a level 1 spell: Shock
  6234 | D:5      | Noticed Pikel
  6247 | D:5      | Killed Pikel
  6248 | D:5      | Reached skill level 9 in Spellcasting
  6248 | D:5      | Reached XP level 8. HP: 38/45 MP: 8/23
  6728 | D:5      | Reached skill level 5 in Conjurations
  7028 | D:5      | Found a blossoming altar of Fedhas.
  7066 | D:5      | Noticed Duvessa
  7077 | D:5      | Noticed Dowan
  7077 | D:5      | Killed Duvessa
  7157 | D:5      | Killed Dowan
  7158 | D:5      | Reached skill level 10 in Spellcasting
  8067 | D:6      | Reached skill level 5 in Fire Magic
  8067 | D:6      | Reached XP level 9. HP: 36/51 MP: 19/25
  8075 | D:6      | Reached skill level 11 in Spellcasting
  8187 | D:6      | Found an opulent altar of Gozag.
  8187 | D:6      | Found an ornate altar of the Wu Jian Council.
  8187 | D:6      | Found a white marble altar of Elyvilon.
  8187 | D:6      | Found a snail-covered altar of Cheibriados.
  8196 | D:6      | Found a glowing silver altar of Zin.
  8196 | D:6      | Found a broken altar of Ashenzari.
  9244 | D:7      | Offered knowledge of Poisonous Vapours by Vehumet.
  9640 | D:8      | Reached ** piety under Vehumet
  9641 | D:8      | Reached skill level 12 in Spellcasting
 10132 | D:8      | Reached XP level 10. HP: 55/56 MP: 20/28
 10691 | D:8      | Noticed an orb spider
 10691 | D:8      | a jumping spider changed into an orb spider
 10708 | D:8      | Killed an orb spider
 10708 | D:8      | Offered knowledge of Ignite Poison by Vehumet.
 10713 | D:8      | Reached skill level 13 in Spellcasting
 10916 | D:8      | Found a shadowy altar of Dithmenos.
 11153 | D:8      | Noticed Maggie
 11189 | D:8      | Killed Maggie
 11381 | D:8      | Killed from afar by an acid dragon

Illustrated notes

Levels and vault maps discovered:
D:1:      dpeg_arrival_stone_temple_mockup, layout_basic,
          hellmonk_ecumenical_altar_run_dry
D:2:      layout_loops_ring, wander_ebering_terrifying_dragon_lair
D:3:      layout_loops_corners, guppyfry_early_orc_mine, uniq_crazy_yiuf_cottage
D:4:      layout_gridville, overflow_temple_1_default,
          nicolae_overflow_crystal_walls, minmay_temple_entry_arrows,
          chequers_garden, grunt_ministairs_6
D:5:      wander_river, layout_layer_cave, fedhas_altar_3, bloody_trog,
          chequers_jeans, chequers_serial_rivers_marsh,
          minmay_misc_feat_diagonals, uniq_pikel, uniq_duvessa
D:6:      layout_rooms, minmay_overflow_temple_hex
D:7:      layout_rooms, chequers_serial_rivers_room_a
D:8:      cheibrodos_barr_body, layout_loops_ring, grunt_dithmenos_shadows,
          uniq_maggie
Temple:   minmay_temple_curvy_loop

Skill      XL: |  1  2  3  4  5  6  7  8  9 10 |
---------------+-------------------------------+-----
Spellcasting   | 5 6 7 9 10 12 13 | 13.3
Armour         | 1 2 3 |  3.7
Fighting       | 1 2 3 4 |  4.0
Conjurations   | 2 3 4 5 7 |  7.8
Fire Magic     | 1 2 3 5 6 7 |  7.2
Dodging        | 3 |  3.0
Stealth        | 3 |  3.0
Air Magic      | 1 |  1.0
Poison Magic   | 1 |  1.0
Evocations     | 1 |  1.0
Summonings     | |  1.1
Translocations | |  1.1

Action                   |  1- 3 |  4- 6 |  7- 9 | 10-12 || total
-------------------------+-------+-------+-------+-------++-------
Melee: Dagger            |     4 |    24 |       |       ||    28
       Quarterstaff      |       |    18 |       |       ||    18
       Staff             |       |       |    43 |     9 ||    52
 Cast: Magic Dart        |    89 |   159 |   186 |    79 ||   513
       Mephitic Cloud    |     1 |    11 |    17 |     9 ||    38
       Conjure Flame     |       |     4 |    20 |    14 ||    38
       Blink             |       |     2 |     2 |       ||     4
       Call Imp          |       |     2 |     4 |     2 ||     8
  Use: Potion            |       |       |       |     1 ||     1
 Stab: Confused          |       |     5 |     1 |       ||     6
Armor: Robe              |     1 |       |       |       ||     1
       Leather armour    |     1 |     2 |    15 |     1 ||    19
       Steam dragon scal |       |       |       |     2 ||     2
Dodge: Dodged            |     9 |    39 |    63 |    28 ||   139
Block: Other             |       |       |    13 |    10 ||    23
       Reflection        |       |       |     2 |     1 ||     3

Table legend: (Time is in decaauts)
 A = Elapsed time spent in this place.
 B = Non-inter-level travel time spent in this place.
 C = Inter-level travel time spent in this place.
 D = Time resting spent in this place.
 E = Time spent auto-exploring this place.
 F = Levels seen in this place.
 G = Mean time per level.
                   A        B        C        D        E       F      G
               +--------+--------+--------+--------+--------+-----+--------+
         Total |  11422 |  11082 |    340 |   1181 |   8475 |   9 | 1269.1 |
       Dungeon |  11223 |  10905 |    318 |   1181 |   8312 |   8 | 1402.9 |
        Temple |    198 |    176 |     22 |      0 |    163 |   1 |  198.0 |
               +--------+--------+--------+--------+--------+-----+--------+

Top non-repeatable levels by time:
     D:5: 1962 daAuts
     D:3: 1634 daAuts
     D:8: 1545 daAuts
     D:2: 1486 daAuts
     D:7: 1441 daAuts
     D:4: 1279 daAuts
     D:1: 1088 daAuts
     D:6: 786 daAuts
  Temple: 198 daAuts
